 Dungeon Crawl Stone Soup version 0.22-a0-565-gfc6459a (webtiles) character file.

287 Amnesiac the Digger (level 6, -3/28 HPs)
             Began as a Spriggan Earth Elementalist on June 28, 2018.
             Was a Follower of Sif Muna.
             Slain by an orc priest
             ... wielding a +0 flail
              (7 damage)
             ... on level 4 of the Dungeon.
             The game lasted 00:06:46 (3402 turns).

Amnesiac the Digger (Spriggan Earth Elementalist)   Turns: 3402, Time: 00:06:46

Health: -3/28      AC:  2    Str:  1 (4)  XL:     6   Next: 8%
Magic:  1/13       EV: 18    Int: 16 (19) God:    Sif Muna [*.....]
Gold:   179        SH:  0    Dex: 15 (16) Spells: 1/13 levels left

rFire    . . .     SeeInvis +   a - +0 dagger
rCold    . . .     Gourm    .   (shield restricted)
rNeg     . . .     Faith    .   c - +0 robe
rPois    .         Spirit   .   (helmet restricted)
rElec    .         Reflect  .   (no cloak)
rCorr    .         Harm     .   (gloves unavailable)
MR       +....                  (boots unavailable)
Stlth    ++........             (no amulet)
HPRegen  0.09/turn              (no ring)
MPRegen  0.13/turn              l - ring of wizardry

@: no casting, very quick
A: very small, unfitting armour, see invisible, herbivore, speed 3, slow
metabolism 2
a: Stop Divine Energy, Renounce Religion


You were on level 4 of the Dungeon.
You worshipped Sif Muna.
Sif Muna was aware of your devotion.
You were not hungry.

You visited 1 branch of the dungeon, and saw 4 of its levels.

You collected 179 gold pieces.

Inventory:

Hand Weapons
 a - a +0 dagger (weapon)
Missiles
 b - 18 stones (quivered)
Armour
 c - a +0 robe (worn)
Jewellery
 l - a ring of wizardry (right hand)
 s - an uncursed ring of fire
Wands
 q - a wand of flame (17)
Scrolls
 e - 2 scrolls of remove curse {!r, unknown}
 g - 11 scrolls of identify {!r, unknown}
 h - 2 scrolls of teleportation {!r, unknown}
 j - 2 scrolls of fear {!r, unknown}
 k - a scroll of random uselessness {!r, unknown}
 n - a scroll of amnesia {!r, unknown}
Potions
 f - a potion of agility {!q, unknown}
 i - a potion of heal wounds {!q, unknown}
 m - a potion of degeneration {!q}
 o - a potion of mutation {!q, unknown}
 p - 2 potions of magic {!q, unknown}
 r - a potion of curing {!q, unknown}
 t - a potion of ambrosia {!q, unknown}
Comestibles
 d - 9 rations


   Skills:
 - Level 3.0 Dodging
 - Level 3.0 Stealth
 + Level 4.4 Spellcasting
 - Level 4.1 Transmutations
 * Level 4.8 Earth Magic


You had one spell level left.
You knew the following spells:

 Your Spells              Type           Power        Failure   Level  Hunger
a - Sandblast             Erth           ###...       1%          1    None
b - Passwall              Tmut/Erth      ###.....     1%          2    ##.....
d - Lee's Rapid Deconstr  Erth           ###.......   24%         5    ######.
e - Petrify               Tmut/Erth      ###.....     11%         4    ####...

Your spell library contained the following spells:

 Spells                   Type           Power        Failure   Level  Hunger
 Stone Arrow              Conj/Erth      ##....       8%          3    ###....


Dungeon Overview and Level Annotations

Branches:
Dungeon (4/15)
 Temple: D:4-7

Altars:
Sif Muna
Vehumet
The Shining One


Innate Abilities, Weirdness & Mutations

You are very small and have problems with some larger weapons.
You are too small for most types of armour.
You have supernaturally acute eyesight. (SInv)
You are a herbivore.
You cover ground extremely quickly.
You need to consume almost no food.


Message History

a short sword; a leather armour; a dagger; a chain mail; an orc corpse You start resting.
You are feeling hungry.
You start resting.
The orc priest is too close now for your liking.
Casting: Sandblast (safe; 1% risk of failure)
Confirm with . or Enter, or press ? or * to list all spells.
Aiming: Sandblast (safe; 1% risk of failure)
Press: ? - help, Shift-Dir - straight line, f - orc priest
Aim: an orc priest, wielding a flail and wearing a leather armour The blast of sand misses the orc priest.
b - 21 stones The orc priest calls down the wrath of Beogh upon you.
Beogh smites you!
Unknown command.
Casting: Sandblast (safe; 1% risk of failure)
Confirm with . or Enter, or press ? or * to list all spells.
Aiming: Sandblast (safe; 1% risk of failure)
Press: ? - help, Shift-Dir - straight line, f/p - orc priest
Aim: an orc priest, wielding a flail and wearing a leather armour The blast of sand hits the orc priest.
b - 20 stones Unknown command.
Casting: Sandblast (safe; 1% risk of failure)
Confirm with . or Enter, or press ? or * to list all spells.
Aiming: Sandblast (safe; 1% risk of failure)
Press: ? - help, Shift-Dir - straight line, f/p - orc priest
Aim: an orc priest, wielding a flail and wearing a leather armour The blast of sand hits the orc priest.
b - 19 stones The orc priest mumbles some strange prayers to Beogh against you.
You resist with significant effort.
Unknown command.
Casting: Sandblast (safe; 1% risk of failure)
Confirm with . or Enter, or press ? or * to list all spells.
Aiming: Sandblast (safe; 1% risk of failure)
Press: ? - help, Shift-Dir - straight line, f/p - orc priest
Aim: an orc priest, wielding a flail and wearing a leather armour The blast of sand hits the orc priest.
The orc priest is moderately wounded.
b - 18 stones The orc priest calls down the wrath of Beogh upon you.
You resist with significant effort.
Unknown command.
You eat one of the 10 rations.
That ration really hit the spot!
Casting: Sandblast (safe; 1% risk of failure)
Confirm with . or Enter, or press ? or * to list all spells.
Aiming: Lee's Rapid Deconstruction (quite dangerous; 21% risk of failure)
Press: ? - help, Dir - move target cursor, p - orc priest A rock wall.
The wall shatters!
The blast of rock fragments hits the orc priest.
The orc priest is heavily wounded.
Sif Muna grants you divine energy.
You briefly lose access to your magic!
The orc priest hits you with a flail!
* * * LOW HITPOINT WARNING * * *
Unknown command.
Really quaff
m - 2 viscous white potions {!q}?
It was a potion of degeneration {!q}.
There was something very wrong with that liquid.
You feel weakened.
You feel dopey.
You feel clumsy.
A worker ant comes into view.
The orc priest hits you with a flail!
You die...

.....# #......#o##
#..........
.o...####......#..#
####.....##
)#####.....o...##.#
#.......... o#
#.....o.†.##.##
#.##.....## )#
#.........##..#
#.##.....# o#
#.........###.##
#.##.....# o.
#######.### #..#
#.##.....# ...
#a######.###.##.....##
....
#....@o)...).#####.#..
....#
####......########.#..
.....
..........+...........
.o..##
####......########.#..
#......##.......'..
#.......#.#####.#..
#.......#.#.....#..
#.........#.##.....
########..#..#.....


You could see a worker ant and an orc priest.

Vanquished Creatures
  Natasha (thrice) (D:3)
  2 worker ants (D:4)
  A hound skeleton (D:4)
  3 adders
  3 oozes
  6 worms
  4 dart slugs
  3 leopard geckos
  6 orcs
  7 bats
  5 giant cockroaches
  11 goblins
  2 hobgoblins (D:3)
  4 jackals (D:2)
  2 quokkas
  A ball python (D:2)
  4 frilled lizards
  5 kobolds
  10 rats
82 creatures vanquished.

Notes
Turn   | Place    | Note
-------+----------+-------------------------------------------
     0 | D:1      | Amnesiac the Spriggan Earth Elementalist began the quest for the Orb.
     0 | D:1      | Reached XP level 1. HP: 9/9 MP: 5/5
    70 | D:1      | Reached XP level 2. HP: 9/13 MP: 5/7
    76 | D:1      | Learned a level 2 spell: Passwall
   340 | D:2      | Reached XP level 3. HP: 11/16 MP: 4/8
   562 | D:2      | Found a deep blue altar of Sif Muna.
   579 | D:2      | Became a worshipper of Sif Muna the Loreminder
  1326 | D:2      | Reached XP level 4. HP: 21/21 MP: 3/10
  1801 | D:2      | Learned a level 4 spell: Petrify
  1857 | D:2      | Found a glowing golden altar of the Shining One.
  1857 | D:2      | Found a radiant altar of Vehumet.
  2006 | D:3      | Reached * piety under Sif Muna
  2138 | D:3      | Noticed Natasha
  2143 | D:3      | Killed Natasha
  2143 | D:3      | Reached XP level 5. HP: 24/24 MP: 8/11
  2295 | D:3      | Noticed Natasha
  2303 | D:3      | Killed Natasha
  2451 | D:3      | Noticed Natasha
  2458 | D:3      | Killed Natasha
  2721 | D:3      | Learned a level 5 spell: Lee's Rapid Deconstruction
  3259 | D:4      | Reached XP level 6. HP: 28/28 MP: 11/13
  3402 | D:4      | Slain by an orc priest

Vault maps used:
D:1:      erik_arrival_gehennom
D:2:      marbit_many_paths, gammafunk_temple_overflow_elements, minivault_14
D:3:      uniq_natasha
D:4:      old_standard_altar, first_ration, serial_shops, nicolae_shop_crystal

Skill      XL: |  1  2  3  4  5 |
---------------+----------------+-----
Spellcasting   | 3 4 |  4.4
Earth Magic    | 3 4 |  4.8
Transmutations | 3 4 |  4.1
Dodging        | |  3.0
Stealth        | |  3.0

Action                   |  1- 3 |  4- 6 || total
-------------------------+-------+-------++-------
Melee: Dagger            |    66 |   141 ||   207
 Cast: Sandblast         |    32 |    58 ||    90
       Passwall          |     1 |     4 ||     5
       Lee's Rapid Decon |       |     1 ||     1
Invok: Divine Energy     |       |     1 ||     1
  Use: Potion            |       |     1 ||     1
 Stab: Sleeping          |    11 |    14 ||    25
  Eat: Ration            |       |     1 ||     1
Armor: Robe              |     5 |     5 ||    10
Dodge: Dodged            |    47 |    95 ||   142

Table legend:
 A = Spawn XP
 B = Non-spawn XP
 C = Spawn XP percentage of total XP
 D = Spawn monster count
 E = Non-spawn monster count
 F = Spawn count percentage of total count
 G = Total turns spent on level
                    A         B        C        D         E        F      G
               +---------+---------+-------+---------+---------+-------+---------
         Total |       0 |     411 |   0.0 |       0 |      82 |   0.0 |  3402
               +---------+---------+-------+---------+---------+-------+---------
           D:1 |       0 |      47 |   0.0 |       0 |      21 |   0.0 |   823
           D:2 |       0 |      94 |   0.0 |       0 |      29 |   0.0 |  1075
           D:3 |       0 |     140 |   0.0 |       0 |      19 |   0.0 |   862
           D:4 |       0 |     130 |   0.0 |       0 |      13 |   0.0 |   642
               +---------+---------+-------+---------+---------+-------+---------
